 Dungeon Crawl Stone Soup version 0.30.1-4-g462c640d31 (webtiles) character file.

Game seed: 848085181733804313

291 HagarQim the Conjurer (level 6, 0/37 HPs)
             Began as an Octopode Conjurer on Sept 7, 2023.
             Shot with an arrow by a centaur (4 damage)
             ... on level 4 of the Dungeon.
             The game lasted 00:15:31 (4869 turns).

HagarQim the Conjurer (Octopode Conjurer)           Turns: 4869, Time: 00:15:32

Health: 0/37       AC:  1    Str:  7    XL:     6   Next: 32%
Magic:  8/10       EV: 13    Int: 22    God:
Gold:   147        SH:  0    Dex: 10    Spells: 8/11 levels left

rFire   . . .        d - +2 dagger (venom)
rCold   . . .        (no shield)
rNeg    . . .        (helmet restricted)
rPois   .            (no amulet)
rElec   .            (no ring)
rCorr   .            (no ring)
SInv    .            (no ring)
Will    .....        (no ring)
Stlth   +++          (no ring)
HPRegen 0.26/turn    (no ring)
MPRegen 0.12/turn    (no ring)
                     (no ring)

%: no passive effects
@: no status effects
A: almost no armour, amphibious, 8 rings, camouflage 1, gelatinous body 1,
(nimble swimmer 1), tentacles
a: no special abilities


You were on level 4 of the Dungeon.
You visited 2 branches of the dungeon, and saw 5 of its levels.

You collected 147 gold pieces.

Inventory:

Hand Weapons
 d - a +2 dagger of venom (weapon)
Missiles
 c - 9 poisoned darts
 l - 2 throwing nets
Wands
 a - a wand of quicksilver (3)
Scrolls
 b - 2 scrolls of teleportation
 g - a scroll of blinking {unknown}
 k - 3 scrolls of magic mapping
 m - a scroll of poison {unknown}
Potions
 e - a potion of cancellation {unknown}
 f - 2 potions of haste
 h - 3 potions of curing
 i - 2 potions of might {unknown}
 j - 2 potions of lignification {unknown}


   Skills:
 * Level 0.3 Fighting
 + Level 0.4 Short Blades
 + Level 2.8 Dodging
 + Level 4.1 Stealth
 + Level 0.8 Unarmed Combat
 + Level 3.1 Spellcasting
 + Level 5.8 Conjurations


You had 8 spell levels left.
You knew the following spells:

 Your Spells              Type           Power      Damage    Failure   Level
a - Magic Dart            Conj           100%       1d8       1%          1
b - Searing Ray           Conj           58%        2d6       1%          2

Your spell library contained the following spells:

 Spells                   Type           Power      Damage    Failure   Level
 Dazzling Flash           Conj/Hex       32%        N/A       11%         3
 Stone Arrow              Conj/Erth      32%        3d9       11%         3
 Sandblast                Erth           6%         2d5       12%         1
 Cigotuvi's Dreadful Rot  Necr/Pois/Air  6%         N/A       19%         2
 Passwall                 Tmut/Erth      2%         N/A       19%         2
 Frozen Ramparts          Ice            6%         1d1       36%         3
 Ignite Poison            Fire/Tmut/Pois 3%         N/A       36%         3
 Summon Guardian Golem    Hex/Summ       3%         N/A       36%         3
 Fulminant Prism          Conj/Hex       8%         3d7       36%         4
 Iskenderun's Mystic Bla  Conj/Tloc      16%        2d5       36%         4
 Sticky Flame             Conj/Fire      16%        2d4       36%         4
 Ice Form                 Ice/Tmut       3%         N/A       77%         4
 Summon Ice Beast         Ice/Summ       3%         N/A       77%         4
 Freezing Cloud           Conj/Ice/Air   6%         6-21      83%         5
 Orb of Destruction       Conj           14%        9d7       100%        7
 Spellforged Servitor     Conj/Summ      8%         N/A       100%        7
 Ignition                 Fire           1%         3d3       100%        8


Dungeon Overview and Level Annotations

Branches:
Dungeon (4/15)             Temple (1/1) D:4

Altars:
Cheibriados
Makhleb
Nemelex Xobeh
Qazlal
Ru
Trog
Vehumet
Xom
Yredelemnul
Zin
The Shining One

Annotations:
D:4 2 transporters


Innate Abilities, Weirdness & Mutations

You cannot wear most types of armour.
You are amphibious.
You can wear up to eight rings at the same time.
Your skin changes colour to match your surroundings (Stealth+).
Your rubbery body absorbs attacks. (AC +1, EV +1)
((You are camouflaged when in or above water. (Stealth+)))
You have tentacles for arms and can constrict up to eight enemies at once.


Message History

The ufetubus is severely wounded.
The ufetubus misses you. The ufetubus barely misses you. x2
The ufetubus misses you.
The searing ray hits the ufetubus.
You kill the ufetubus!
You start resting.
HP restored.
You start resting.
Magic restored.
Found a stone staircase leading down.
There is a stone staircase leading down here.
There is a transporter here.
You see here a Trismegistus Codex.
You see here a +0 ring mail.
A quokka comes into view.
Casting: Searing Ray (safe; 1% risk of failure)
Confirm with . or Enter, or press ? or * to list all spells.
Aiming: Magic Dart (safe; 1% risk of failure)
Press: ? - help, Shift-Dir - straight line, f - quokka
Aim: a quokka (wandering, hasn't noticed you, 100% to hit)
The magic dart hits the quokka.
You kill the quokka!
You now have 147 gold pieces (gained 12).
Found a stone staircase leading down.
A centaur comes into view.
The centaur shouts!
The centaur wields a +0 shortbow.
The centaur shoots an arrow.
The arrow hits you!
The centaur shoots an arrow.
The arrow barely misses you.
The centaur shoots an arrow.
The arrow hits you!
Casting: Magic Dart (safe; 1% risk of failure)
Confirm with . or Enter, or press ? or * to list all spells.
Aiming: Searing Ray (safe; 1% risk of failure)
Press: ? - help, Shift-Dir - straight line, f - centaur
Aim: a centaur, wielding a +0 shortbow (87% to hit)
The searing ray misses the centaur. (Press . to maintain the ray.)
The centaur shoots an arrow.
The arrow hits you!
* * * LOW HITPOINT WARNING * * *
The centaur shoots an arrow.
The arrow hits you.
You die...

#...#.......#..###.##
###............# #.#
#.#.#.#.#.#..# #.##
#............# #...
####....####.# ####
###.## #.# #.### #.#
##.########...# #.#
...c.>.@.....>###.#####
...#########..........##
##.###....... .#
#####... .# #####..#
........... ##########


You could see a centaur.

Vanquished Creatures
  Natasha (thrice) (D:2)
  5 gnolls
  8 adders
  An ufetubus (D:4)
  A dart slug (D:3)
  5 orcs (D:3)
  6 ball pythons
  10 bats
  8 endoplasms
  A giant cockroach (D:1)
  6 goblins
  7 hobgoblins
  3 jackals (D:3)
  7 quokkas
  3 frilled lizards
  6 kobolds
  4 rats (D:1)
84 creatures vanquished.

Vanquished Creatures (collateral kills)
  A frilled lizard (D:3)
1 creature vanquished.

Grand Total: 85 creatures vanquished

Notes
Turn   | Place    | Note
-------+----------+-------------------------------------------
     0 | D:1      | HagarQim the Octopode Conjurer began the quest for the Orb.
     0 | D:1      | Reached XP level 1. HP: 11/11 MP: 3/3
   124 | D:1      | Reached XP level 2. HP: 17/17 MP: 0/5
   187 | D:1      | Learned a level 2 spell: Searing Ray
   375 | D:1      | Reached XP level 3. HP: 21/21 MP: 0/6
  1549 | D:2      | Reached skill level 5 in Conjurations
  1549 | D:2      | Reached XP level 4. HP: 27/27 MP: 2/7
  2219 | D:2      | Reached XP level 5. HP: 31/31 MP: 5/8
  2246 | D:2      | Noticed Natasha
  2262 | D:2      | Killed Natasha
  2311 | D:2      | Noticed Natasha
  2329 | D:2      | Killed Natasha
  2926 | D:2      | Noticed Natasha
  2940 | D:2      | Killed Natasha
  3106 | D:3      | Reached XP level 6. HP: 36/36 MP: 7/10
  3979 | D:3      | Found a faded altar of an unknown god.
  4102 | D:4      | Found a staircase to the Ecumenical Temple.
  4110 | Temple   | Entered the Ecumenical Temple
  4672 | D:4      | Found a transporter.
  4692 | D:4      | Found a transporter.
  4869 | D:4      | Shot with an arrow by a centaur

Illustrated notes

Levels and vault maps discovered:
D:1:      dpeg_arrival_morbid_curiosity, layout_basic
D:2:      minmay_alternating_diamond, layout_basic, uniq_natasha
D:3:      layout_loops_ring, chequers_ecumenical_altar_grove
D:4:      gammafunk_steamed_eel, layout_loops_ring, minmay_temple_entry_glass
Temple:   grunt_temple_mini_profane

Skill      XL: |  1  2  3  4  5  6 |
---------------+-------------------+-----
Stealth        | 3 4 |  4.1
Conjurations   | 5 |  5.8
Spellcasting   | 3 |  3.1
Fighting       | |  0.3
Short Blades   | |  0.4
Dodging        | |  2.8
Unarmed Combat | |  0.8

Action                     |  1- 3 |  4- 6 || total
---------------------------+-------+-------++-------
  Melee: Unarmed           |     7 |       ||     7
         Constrict         |     8 |     4 ||    12
         Tentacles         |     4 |     4 ||     8
         Dagger            |    29 |    25 ||    54
         Punch             |     1 |       ||     1
   Cast: Magic Dart        |    33 |    63 ||    96
         Searing Ray       |     5 |    17 ||    22
    Use: Potion            |       |     1 ||     1
         Scroll            |       |     7 ||     7
   Stab: Sleeping          |     4 |     4 ||     8
 Armour: Skin              |     8 |     1 ||     9
  Dodge: Dodged            |    35 |    38 ||    73
